 Dungeon Crawl Stone Soup version 0.28-a0-1159-g27aa881441 (webtiles) character file.

Game seed: 6653042548785953732

35 SensoryNuts the Skirmisher (level 3, -10/40 HPs)
             Began as an Ogre Fighter on Dec 15, 2021.
             Killed by divine providence
             ... invoked by an orc priest
              (14 damage)
             ... on level 4 of the Dungeon.
             The game lasted 00:00:48 (573 turns).

SensoryNuts the Skirmisher (Ogre Fighter)            Turns: 573, Time: 00:00:49

Health: -10/40     AC:  3    Str: 22    XL:     3   Next: 35%
Magic:  0/3        EV:  8    Int:  9    God:
Gold:   39         SH:  7    Dex:  8    Spells: 2/2 levels left

rFire   . . .      SeeInvis .   a - +0 trident
rCold   . . .      Faith    .   c - +0 kite shield
rNeg    . . .      Spirit   +   b - +0 robe
rPois   .          Reflect  .   (helmet restricted)
rElec   .          Harm     .   (no cloak)
rCorr   .          Rampage  .   (gloves unavailable)
Will    .....                   (boots unavailable)
Stlth   +.........              f - amulet of guardian spirit
HPRegen 0.13/turn               (no ring)
MPRegen 0.08/turn               (no ring)

@: mighty
A: large, unfitting armour, tough skin 1
a: no special abilities


You were on level 4 of the Dungeon.
You visited 1 branch of the dungeon, and saw 3 of its levels.

You collected 39 gold pieces.

Inventory:

Hand Weapons
 a - a +0 trident (weapon)
Armour
 b - a +0 robe (worn)
 c - a +0 kite shield (worn)
Jewellery
 f - an amulet of guardian spirit (around neck)
Scrolls
 e - a scroll of identify {unknown}


   Skills:
 + Level 4.4 Fighting
 + Level 2.3 Polearms
 + Level 3.3 Dodging
 + Level 2.9 Shields


You had 2 spell levels left.
You didn't know any spells.
Your spell library was empty.

Dungeon Overview and Level Annotations

Branches:
Dungeon (2/15)

Altars:

Shops:
D:2 [


Innate Abilities, Weirdness & Mutations

You are too large for most types of armour.
You have tough skin. (AC +1)


Message History

Things that are here:
a +0 dagger; the felid corpse of Natasha A sourceless malevolence fills the Dungeon...
You fall into a shaft and drop 2 floors!
The shaft crumbles and collapses.
An orc and an orc priest come into view.
The orc is wielding a +1 trident of freezing.
The orc priest shouts!
Found a book of Cantrips.
An orc comes into view. It is wielding a +0 club.
The orc shouts! x2
The orc moves out of view.
A hound skeleton comes into view.
The hound skeleton moves out of view.
You barely miss the orc. The orc hits you with a +0 club.
The orc hits you from afar with a +1 trident of freezing.
* * * LOW HITPOINT WARNING * * *
The orc freezes you.
* * * LOW HITPOINT WARNING * * *
You puncture the orc!
You kill the orc!
You block the orc's attack. The orc closely misses you.
Things that are here:
a +0 club; an orc corpse You hit the orc.
The orc is lightly wounded.
The orc barely misses you.
The orc priest looks encouraged for a moment.
You completely miss the orc.
The orc is lightly wounded.
The orc hits you with a +1 trident of freezing.
* * * LOW HITPOINT WARNING * * *
The orc freezes you.
* * * LOW HITPOINT WARNING * * *
You block the orc's attack.
You feel very mighty all of a sudden.
The orc priest mumbles some strange prayers to Beogh against you.
Beogh smites you!
You die...

########
.......##########
#####.......oZo@.#
............####.#
##.##.#.###.# #.#
###.##.#.###.## #.#
..................#
.......oZ.........#
.####.:#.##..###...
#..#.##...##..#
...#.# #.#


You could see an orc priest, an orc and a hound skeleton.

Vanquished Creatures
  Natasha (D:2)
  An orc (D:4)
  A bat (D:1)
  3 goblins
  A hobgoblin (D:1)
  A kobold (D:1)
  A frilled lizard (D:1)
9 creatures vanquished.

Notes
Turn   | Place    | Note
-------+----------+-------------------------------------------
     0 | D:1      | SensoryNuts the Ogre Fighter began the quest for the Orb.
     0 | D:1      | Reached XP level 1. HP: 24/24 MP: 1/1
   287 | D:1      | Reached XP level 2. HP: 22/32 MP: 2/2
   408 | D:1      | Found a faded altar of an unknown god.
   532 | D:2      | Found Horuuned's Armour Boutique.
   533 | D:2      | Noticed Natasha
   545 | D:2      | Killed Natasha
   546 | D:2      | Reached XP level 3. HP: 13/40 MP: 1/3
   551 | D:2      | You fall into a shaft and drop 2 floors!
   573 | D:4      | Killed from afar by an orc priest

Illustrated notes

Levels and vault maps discovered:
D:1:      tarquinn_simple_flora_water_c, layout_rooms,
          shapermc_ecumenical_altar_petra
D:2:      layout_basic, serial_shops, shop, minmay_misc_feat_square,
          nicolae_concentric_dashed_squares_wild, lexackson_kobold_supper,
          uniq_natasha, uniq_terence
D:4:      layout_loops_ring, uniq_duvessa, uniq_edmund

Skill      XL: |  1  2 |
---------------+-------+-----
Dodging        | 3 |  3.3
Fighting       | |  4.4
Polearms       | |  2.3
Shields        | |  2.9

Action                   || total
-------------------------++-------
Melee: Trident           ||    35
  Use: Potion            ||     1
Armor: Robe              ||    11
Dodge: Dodged            ||    12
Block: Kite shield       ||    11

Table legend: (Time is in decaauts)
 A = Elapsed time spent in this place.
 B = Non-inter-level travel time spent in this place.
 C = Inter-level travel time spent in this place.
 D = Time resting spent in this place.
 E = Time spent auto-exploring this place.
 F = Levels seen in this place.
 G = Mean time per level.
                   A        B        C        D        E       F      G
               +--------+--------+--------+--------+--------+-----+--------+
         Total |    587 |    580 |      7 |      0 |    485 |   3 |  195.7 |
       Dungeon |    587 |    580 |      7 |      0 |    485 |   3 |  195.7 |
               +--------+--------+--------+--------+--------+-----+--------+

Top non-repeatable levels by time:
     D:1: 530 daAuts
     D:2: 33 daAuts
     D:4: 23 daAuts
